 Dungeon Crawl Stone Soup version 0.31-a0-675-g238779eb0a (webtiles) character file.

Game seed: 4486577863911184507

2871 scionoferis the Mimic (level 9, 0/41 HPs)
             Began as a Felid Shapeshifter on Sept 5, 2023.
             Was an Initiate of Gozag.
             Succumbed to a killer bee's poison
             ... on level 8 of the Dungeon.
             The game lasted 00:32:45 (8460 turns).

scionoferis the Mimic (Felid Shapeshifter)          Turns: 8460, Time: 00:32:46

Health: 0/41       AC:  2    Str: 10    XL:     9   Next: 47%
Magic:  10/10      EV: 20    Int: 13    God:    Gozag
Gold:   676        SH:  0    Dex: 18    Spells: 7/8 levels left
                                        Lives:  0   Deaths: 3

rFire   + .          .
                       - Unarmed
rCold   . . .        (shield unavailable)
rNeg    . . .        (body armour unavailable)
rPois   .            (helmet unavailable)
rElec   .            (cloak unavailable)
rCorr   .            (gloves unavailable)
SInv    +            (boots unavailable)
Will    +....        (no amulet)
Stlth   +++          d - ring of protection from fire
HPRegen 0.26/turn    (no ring)
MPRegen 0.12/turn

%: no passive effects
@: lethally poisoned (0 -> -2), beast-form, quick
A: beast (slay +4), very small, claws 1, fangs 3, see invisible, speed 1, shaggy
fur 2, stealthy paws, no weapons or thrown items, no armour, multi-lived
a: Begin Untransformation, Renounce Religion, Potion Petition, Call Merchant,
Bribe Branch


You were on level 8 of the Dungeon.
You worshipped Gozag.
Gozag was pleased with you.
You were a hulking beast.
You visited 2 branches of the dungeon, and saw 9 of its levels.
You also visited: Sewer.

You collected 752 gold pieces.
You paid 76 gold pieces to Gozag.


Innate Abilities, Weirdness & Mutations

You are a hulking beast.
Your limbs bulge with bestial killing power. (Slay +4)
You have sharp claws.
You have razor-sharp teeth.
You have supernaturally acute eyesight. (SInv)
You cover ground quickly. (Speed+)
You are covered in thick fur. (AC +2)
Your paws help you pounce on unaware monsters.
You are incapable of wielding weapons or throwing items.
You cannot wear armour.
You gain extra lives every three experience levels.


   Skills:
 + Level 6.2 Fighting
 + Level 5.4 Dodging
 - Level 5.0 Stealth
 * Level 7.7 Unarmed Combat
 + Level 8.2 Shapeshifting


You had 7 spell levels left.
You knew the following spells:

 Your Spells              Type           Power      Damage    Failure   Level
a - Apportation           Tloc           0%         N/A       30%         1

Your spell library contained the following spells:

 Spells                   Type           Power      Damage    Failure   Level
 Alistair's Intoxication  Tmut/Pois      0%         N/A       100%        5

Inventory:

Jewellery
 d - a ring of protection from fire (left paw)
   (You found it on level 1 of the Dungeon)
 A - a ring of ice
   (You found it on level 6 of the Dungeon)
Talismans
 b - a beast talisman (active)
 c - a flux talisman
Wands
 p - a wand of charming (1)
   (You found it on level 7 of the Dungeon)
Scrolls
 f - 3 scrolls of amnesia {unknown}
 h - a scroll of vulnerability
 i - a scroll of acquirement
 j - 3 scrolls of teleportation {unknown}
 k - 3 scrolls of revelation {unknown}
 l - a scroll of blinking
 n - 4 scrolls of noise {unknown}
 o - a scroll of fear
 q - a scroll of immolation
 s - a scroll of poison {unknown}
 t - 2 scrolls of enchant armour {unknown}
 u - a scroll of butterflies {unknown}
 y - a scroll of fog {unknown}
Potions
 a - a potion of lignification
 e - a potion of attraction {unknown}
 g - a potion of enlightenment
 m - a potion of brilliance {unknown}
 r - a potion of curing
 v - a potion of cancellation {unknown}
 w - a potion of haste
 x - a potion of might {unknown}
 z - a potion of degeneration {unknown}

Dungeon Overview and Level Annotations

Branches:
Dungeon (8/15)             Temple (1/1) D:5           Sewer (visited)
   Lair: D:8-11

Altars:
Cheibriados
Dithmenos
Elyvilon
Gozag
Kikubaaqudgha
Makhleb
Nemelex Xobeh
Okawaru
Qazlal
Ru
Sif Muna
Trog
Uskayaw
Vehumet
Xom
Zin

Shops:
D:3 (

Annotations:
D:6 Prince Ribbit
D:7 3 runed translucent doors, cforsyth's ghost, novice GnAr

#. #.# #.# ###.#######
## #......<..# ##. #.
#.........#
#....#o######.........#
.....ZhF$..##.........#
.....#####.h(.........#
... ###..........# )
##.........#
#.?......># ..........#
...........#
....######### ...###
y..y


You could see a bullfrog, a hound, an orc and a goblin zombie.


Message History

Found a scroll labelled JEIMEO UPAXY and 16 gold pieces.
There is a stone staircase leading up here. 2 orcs come into view.
Found a leather armour and a chain mail.
Found a stone staircase leading up.
The orc shouts! x5
There is a stone staircase leading up here.
Found a stone staircase leading down.
A bullfrog, an orc and an orc priest come into view.
A kobold brigand, a kobold and a two-headed ogre come into view.
The kobold brigand is wielding a +0 dagger and quivering poisoned darts.
The orc attacks as it pursues you! The orc hits you with a +0 short sword.
A kobold comes into view. It is wielding a +0 short sword.
Found 5 stones.
The kobold brigand shouts!
The kobold shouts!
You scratch the orc. You claw the orc.
The orc is severely wounded.
The orc hits you with a +0 flail.
You completely miss the orc.
The orc is severely wounded.
The orc completely misses you.
A kobold comes into view. It is wielding a +0 short sword.
The orc hits you with a +0 short sword.
You claw the orc!
You kill the orc!
The orc closely misses you.
You scratch the orc.
The orc is almost dead.
The orc barely misses you. x2
You barely miss the orc.
The orc is almost dead.
The orc is distracted by your dazzling golden aura.
The orc shouts!
You claw the orc!
You kill the orc!
The orc closely misses you.
You claw the orc!
You kill the orc!
The kobold is distracted by your dazzling golden aura.
The orc is distracted by your dazzling golden aura.
Items here: $ ))) [[.
You barely miss the kobold brigand.
The kobold is no longer distracted by gold.
The kobold brigand hits you with a +0 dagger.
The orc shouts!
You scratch the kobold brigand.
The kobold brigand is lightly wounded.
The kobold is distracted by your dazzling golden aura.
The kobold brigand barely misses you.
The kobold shouts!
You claw the kobold brigand!
The kobold brigand is moderately wounded.
The orc is no longer distracted by gold.
The kobold is distracted by your dazzling golden aura.
The kobold brigand misses you.
The kobold shouts!
You claw the kobold brigand!
The kobold brigand is severely wounded.
You hear an angry hiss.
You hear a shout!
The kobold is no longer distracted by gold.
The kobold brigand barely misses you.
You hear a shout!
You barely miss the kobold brigand.
The kobold brigand is severely wounded.
The kobold brigand closely misses you.
You claw the kobold brigand!
You kill the kobold brigand!
Your Dodging skill increases to level 3!
Unknown command.
Unknown command.
The kobold is no longer distracted by gold.
You closely miss the kobold. You bite the kobold, but do no damage.
The kobold is distracted by your dazzling golden aura.
The kobold shouts!
You scratch the kobold.
The kobold is no longer distracted by gold.
The kobold is severely wounded.
The kobold barely misses you.
You scratch the kobold but do no damage.
The kobold is severely wounded.
The kobold barely misses you.
You claw the kobold!
You kill the kobold!
You claw the kobold!
You kill the kobold!
You claw the orc!
You kill the orc!
The kobold is distracted by your dazzling golden aura.
The kobold shouts!
You scratch the orc.
The orc is lightly wounded.
The orc hits you with a +0 hand axe.
You scratch the orc.
The orc is heavily wounded.
You scratch the orc but do no damage.
The orc is heavily wounded.
The orc is distracted by your dazzling golden aura.
The orc shouts!
You scratch the orc.
You kill the orc!
You hear two shouts!
The kobold is no longer distracted by gold.
The kobold is distracted by your dazzling golden aura.
The kobold shouts!
You hear two shouts!
You hear a shout! x2
Items here: $ ( )))).
You scratch the kobold.
You kill the kobold!
Autopickup is now off.
Items here: $ ( )))).
Items here: $ ))) [[.
There is a stone staircase leading up here.
Things that are here:
5 gold pieces; a +0 hand axe; a +0 leather armour You see here a scroll labelled JEIMEO UPAXY.
l - a scroll labelled JEIMEO UPAXY
Aiming: Charm
Press: ? - help, Shift-Dir - straight line, f - two-headed ogre
Aim: a two-headed ogre, wielding a +0 giant club and a +0 giant spiked club (wandering, hasn't noticed you, chance to affect: 31%)
The two-headed ogre easily resists.
The two-headed ogre is distracted by your dazzling golden aura.
Unknown command.
Aiming: Charm
Press: ? - help, Shift-Dir - straight line, f/p - two-headed ogre
Aim: a two-headed ogre, wielding a +0 giant club and a +0 giant spiked club (unaware, hasn't noticed you, chance to affect: 31%)
The two-headed ogre is no longer distracted by gold.
The two-headed ogre shouts in stereo!
The two-headed ogre easily resists.
You hear an angry hiss.
You hear a shout!
Aiming: Charm
Press: ? - help, Shift-Dir - straight line, f/p - two-headed ogre
Aim: a two-headed ogre, wielding a +0 giant club and a +0 giant spiked club (chance to affect: 31%)
The two-headed ogre is charmed.
Unknown command.
An orc comes into view. It is wielding a +0 hand axe.
The orc shouts!
An iguana comes into view. 2 orcs come into view.
The orc shouts! x2
What are your orders? t - Meow!
Orders for allies: a - Attack new target. p - Attack previous target. r - Retreat! s - Stop attacking. g - Guard the area. f - Follow me.
Anything else - Cancel.
Gang up on whom?
Press: ? - help, Dir - move target, f - orc priest, p - two-headed ogre
Aim: an orc priest, wielding a +0 falchion and wearing a +0 scale mail Attack!
Found a scroll of identify.
The orc closely misses you.
The orc hits your two-headed ogre with a +0 hand axe.
You scratch the orc. You bite the orc.
You kill the orc!
The orc hits you from afar with a +0 trident.
Your two-headed ogre hits the orc with a +0 giant club!
The orc dies!
Your Unarmed Combat skill increases to level 6!
You claw the orc!
You kill the orc!
The orc misses you.
Press: ? - help, v - describe, . - travel
Here: an orc priest, wielding a +0 falchion and wearing a +0 scale mail (ally target)
The floor.
Unknown command.
The orc warrior shouts!
You scratch the iguana. You claw the iguana, but do no damage.
The iguana is moderately wounded.
You hear a shout!
The orc priest looks satisfied for a moment.
The orc hits you from afar with a +0 trident!
The iguana completely misses you.
You scratch the iguana.
The iguana is heavily wounded.
Your two-headed ogre hits the orc priest with a +0 giant club!
Your two-headed ogre hits the orc priest with a +0 giant spiked club!
The orc priest dies!
The orc closely misses you.
The orc warrior is distracted by your dazzling golden aura.
You scratch the iguana. You bite the iguana.
You kill the iguana!
The orc hits you from afar with a +0 trident!
Unknown command.
Your two-headed ogre hits something with a +0 giant club!
You feel a bit more experienced.
The two-headed ogre is no longer charmed.
The two-headed ogre shouts in stereo!
Aiming: Charm
Press: ? - help, Shift-Dir - straight line, f - two-headed ogre
Aim: a two-headed ogre, wielding a +0 giant club and a +0 giant spiked club (lightly wounded, chance to affect: 31%)
The two-headed ogre easily resists.
Unknown command.
Aiming: Charm
Press: ? - help, Shift-Dir - straight line, f/p - two-headed ogre
Aim: a two-headed ogre, wielding a +0 giant club and a +0 giant spiked club (lightly wounded, chance to affect: 31%)
The two-headed ogre is charmed.
Unknown command.
What are your orders? t - Meow!
Orders for allies: a - Attack new target. p - Attack previous target. r - Retreat! s - Stop attacking. g - Guard the area. f - Follow me.
Anything else - Cancel.
Gang up on whom?
Press: ? - help, Dir - move target, f - orc warrior, p - two-headed ogre
Aim: an orc warrior, wielding a +0 hand axe and wearing a +0 chain mail Attack!
Your two-headed ogre hits the orc priest with a +0 giant club!!
The orc priest dies!
Things that are here:
5 gold pieces; a +0 trident Your two-headed ogre misses the orc warrior.
Your two-headed ogre hits the orc warrior with a +0 giant spiked club!
The orc warrior hits your two-headed ogre with a +0 hand axe.
An orc comes into view. It is wielding a +0 flail.
The orc warrior hits your two-headed ogre with a +0 hand axe.
An orc comes into view. It is wielding a +0 flail.
Your two-headed ogre hits the orc warrior with a +0 giant club!!
The orc warrior dies!
The orc is distracted by your dazzling golden aura.
An orc wizard comes into view. It is wielding a +0 dagger of venom.
The orc is distracted by your dazzling golden aura.
Your two-headed ogre closely misses the orc.
Your two-headed ogre hits the orc with a +0 giant spiked club!
The orc dies!
The orc throws a boomerang.
The boomerang barely misses your two-headed ogre.
The boomerang misses you.
Your two-headed ogre hits the orc with a +0 giant club!!
The orc dies!
The orc wizard is distracted by your dazzling golden aura.
An orc comes into view. It is wielding a +0 trident.
The orc wizard is no longer distracted by gold.
An orc comes into view. It is wielding a +0 hand axe.
The orc is no longer distracted by gold.
The orc wizard hits your two-headed ogre with a +0 dagger of venom.
Your two-headed ogre hits the orc wizard with a +0 giant club.
Your two-headed ogre hits the orc wizard with a +0 giant spiked club!!
The orc wizard dies!
The orc hits your two-headed ogre with a +0 hand axe.
The two-headed ogre is no longer charmed.
Aiming: Charm
Press: ? - help, Shift-Dir - straight line, f - two-headed ogre
Aim: a two-headed ogre, wielding a +0 giant club and a +0 giant spiked club (moderately wounded, chance to affect: 31%)
The two-headed ogre easily resists.
The orc is distracted by your dazzling golden aura.
Unknown command.
Aiming: Charm
Press: ? - help, Shift-Dir - straight line, f/p - two-headed ogre
Aim: a two-headed ogre, wielding a +0 giant club and a +0 giant spiked club (moderately wounded, chance to affect: 31%)
The two-headed ogre easily resists.
The orc shouts!
Unknown command.
Aiming: Charm
Press: ? - help, Shift-Dir - straight line, f/p - two-headed ogre
Aim: a two-headed ogre, wielding a +0 giant club and a +0 giant spiked club (moderately wounded, chance to affect: 31%)
The two-headed ogre easily resists.
The now-empty wand crumbles to dust.
The orc is no longer distracted by gold.
You claw the two-headed ogre! You bite the two-headed ogre!
The two-headed ogre is severely wounded.
The two-headed ogre hits you with a +0 giant club!
The two-headed ogre misses you.
You claw the two-headed ogre!
The two-headed ogre is severely wounded.
You claw the two-headed ogre!
You kill the two-headed ogre!
Your Dodging skill increases to level 4!
You have reached level 9!
Your experience leads to an increase in your attributes!
Increase (S)trength, (I)ntelligence, or (D)exterity?
You feel clever. x2
You scratch the orc but do no damage. The orc barely misses you.
The orc completely misses you.
You barely miss the orc.
The orc misses you. x2; The orc barely misses you.
You barely miss the orc. The orc misses you. The orc barely misses you.
The orc hits you with a +0 flail.
You scratch the orc.
The orc is lightly wounded.
The orc barely misses you.
The orc hits you from afar with a +0 trident!
* * * LOW HITPOINT WARNING * * *
The orc closely misses you.
You claw the orc!
You kill the orc!
The orc hits you with a +0 flail.
* * * LOW HITPOINT WARNING * * *
The orc is distracted by your dazzling golden aura.
The orc shouts!
You claw the orc!
You kill the orc!
Things that are here:
7 gold pieces; a +0 hand axe You claw the orc!
You kill the orc!
Things that are here:
6 gold pieces; a +0 trident
There is a stone staircase leading up here.
Things that are here:
5 gold pieces; a +0 hand axe; a +0 leather armour You climb upwards.
Level annotation: Prince Ribbit
There is a stone staircase leading down here.
You start resting.
HP restored.
You climb downwards.
There is a stone staircase leading up here.
Things that are here:
5 gold pieces; a +0 leather armour; a +0 hand axe
Found a stone staircase leading down.
Cforsyth's ghost turns its malevolent gaze towards you.
There is a stone staircase leading up here.
Dowan, Brother of Duvessa comes into view.
He is wielding a +1 dagger of freezing and wearing a +1 robe of cold resistance.
There is a stone staircase leading down here.
Found 4 stones.
Found a wand of charming (1).
You see here a wand of charming (1).
You see here a wand of charming (1).
p - a wand of charming (1)
A hound comes into view.
Found a stone staircase leading down.
The hound barks!
You hear a shout!
The hound closely misses you.
You scratch the hound. You bite the hound.
The hound is severely wounded.
The hound bites you.
You claw the hound!
You kill the hound!
Dowan shouts!
You see here 5 gold pieces.
Dowan gestures at you while chanting. The puff of frost hits you!
Dowan points at you and mumbles some strange words.
You resist with almost no effort.
You start resting.
HP restored.
An orc and an orc priest come into view.
Found a golden potion.
The bullfrog croaks.
You hear a shout!
The bullfrog closely misses you.
You claw the bullfrog!
The bullfrog is heavily wounded.
The bullfrog closely misses you.
You claw the bullfrog!
You kill the bullfrog!
Your Unarmed Combat skill increases to level 7!
You see here 8 gold pieces.
You see here a golden potion.
r - 2 golden potions (gained 1)
Found 10 gold pieces.
You see here a golden potion.
r - 3 golden potions (gained 1)
Found an iron altar of Okawaru.
There is an iron altar of Okawaru here.
An orc priest comes into view. It is wielding a +0 hand axe.
The orc shouts!
You hear a shout!
You hear a bark!
You hear a shout!
An orc comes into view. It is wielding a +0 club.
You completely miss the orc. You bite the orc!
You kill the orc!
You claw the orc priest! Your bite misses the orc priest.
The orc priest is almost dead.
You closely miss the orc priest.
The orc priest is almost dead.
The orc priest is distracted by your dazzling golden aura.
The orc priest shouts!
You claw the orc priest!
You kill the orc priest!
You barely miss the orc. You bite the orc.
The orc is heavily wounded.
An orc wizard comes into view. It is wielding a +0 dagger.
The orc wizard shouts!
You hear a bark!
The orc barely misses you. The orc priest misses you.
The orc wizard points at you and mumbles some strange words.
The magic dart hits you!
Things that are here:
7 gold pieces; a +0 war axe You claw the orc priest!
The orc priest is heavily wounded.
A hound comes into view.
The orc misses you.
The orc priest hits you with a +0 flail!
The orc wizard barely misses you.
You claw the orc priest!
You kill the orc priest!
The orc closely misses you.
You claw the orc!
You kill the orc!
You completely miss the orc wizard. You bite the orc wizard!
The orc wizard is heavily wounded.
The orc wizard hits you with a +0 dagger.
You claw the orc wizard!
You kill the orc wizard!
You closely miss the hound. You bite the hound.
The hound is lightly wounded.
The hound misses you. The hound closely misses you.
You claw the hound!
The hound is almost dead.
The hound bites you.
You claw the hound!
You kill the hound!
Your Shapeshifting skill increases to level 8!
You start resting.
HP restored.
Items here: $ ( )) [.
Items here: $ )) [.
Things that are here:
6 gold pieces; a +0 flail An orc comes into view.
It is wielding a +0 flail.
You closely miss the orc. The orc closely misses you.
You claw the orc!
You kill the orc!
No target in view!
Things that are here:
6 gold pieces; a +0 flail; a +0 scale mail An ogre comes into view.
It is wielding a +0 giant club.
Found 6 atropa-tipped darts.
You see here 6 atropa-tipped darts.
The ogre shouts!
You claw the ogre!
The ogre is moderately wounded.
The ogre completely misses you.
You barely miss the ogre.
The ogre is moderately wounded.
You claw the ogre!
The ogre is severely wounded.
The ogre closely misses you.
You scratch the ogre.
The ogre is almost dead.
The ogre completely misses you.
You claw the ogre!
You kill the ogre!
Things that are here:
16 gold pieces; a +0 giant club You see here 6 atropa-tipped darts.
You open the door.
Found a shadowy altar of Dithmenos.
Things that are here:
6 gold pieces; a +0 flail; a +0 scale mail
Things that are here:
6 gold pieces; a +0 flail The orc shouts!
An orc is nearby!
You claw the orc!
You kill the orc!
Found a scroll labelled BIPRYTZ ECWUAT.
Dowan is nearby!
There is a stone staircase leading up here.
Things that are here:
5 gold pieces; a +0 leather armour; a +0 hand axe Dowan shouts!
Dowan hits you with a +1 dagger of freezing.
Dowan freezes you.
You closely miss Dowan. Dowan barely misses you.
Cforsyth's ghost turns its malevolent gaze towards you.
You scratch Dowan. Your bite misses Dowan.
Dowan is lightly wounded.
You scratch Dowan. You bite Dowan.
Dowan is heavily wounded.
Dowan gestures at you while chanting. You resist with almost no effort.
You completely miss Dowan.
Dowan is heavily wounded.
Dowan misses you.
You claw Dowan!
Dowan is almost dead.
Dowan mumbles some strange words.
Dowan blinks!
Dowan points at you and mumbles some strange words.
The puff of frost hits you!
You closely miss Dowan.
Dowan is almost dead.
Dowan points at you and mumbles some strange words.
The puff of flame misses you.
You scratch Dowan but do no damage. Your bite misses Dowan.
Dowan is almost dead.
Dowan closely misses you.
You scratch Dowan.
You kill Dowan!
You hear a distant scream of rage.
There is a stone staircase leading up here.
Things that are here:
5 gold pieces; a +0 leather armour; a +0 hand axe The shadow is distracted by your dazzling golden aura.
You climb upwards.
Level annotation: Prince Ribbit
There is a stone staircase leading down here.
You start resting.
HP restored.
You climb downwards.
Level annotation: 3 runed translucent doors, cforsyth's ghost, novice GnAr
There is a stone staircase leading up here.
Things that are here:
5 gold pieces; a +0 leather armour; a +0 hand axe Cforsyth's ghost wails.
Duvessa, Sister of Dowan comes into view.
She is wielding a +0 short sword and wearing a +0 leather armour of willpower.
Unknown command.
Press: ? - help, v - describe, . - travel
Here: Duvessa, wielding a +0 short sword and wearing a +0 leather armour of willpower (wandering, hasn't noticed you)
The floor.
Duvessa shouts!
Duvessa goes berserk!
Duvessa rages.
Duvessa rages. x2
Things that are here:
6 gold pieces; a +1 robe of cold resistance; a +1 dagger of freezing Duvessa rages.
There is a stone staircase leading up here.
Things that are here:
5 gold pieces; a +0 leather armour; a +0 hand axe Duvessa rages.
You climb upwards.
Level annotation: Prince Ribbit
There is a stone staircase leading down here.
There is a stone staircase leading down here.
You climb downwards.
Level annotation: 3 runed translucent doors, Duvessa; cforsyth's ghost, novice GnAr
There is a stone staircase leading up here.
Press: ? - help, v - describe, . - travel
Here: Duvessa, wielding a +0 short sword and wearing a +0 leather armour of willpower (berserk)
The floor.
Duvessa rages.
Duvessa rages.
Things that are here:
7 gold pieces; a +0 flail Duvessa rages.
You scratch Duvessa but do no damage. Duvessa hits you with a +0 short sword!
You scratch Duvessa.
Duvessa is lightly wounded.
Duvessa misses you.
You scratch Duvessa.
Duvessa is lightly wounded.
Duvessa barely misses you. Duvessa closely misses you.
You closely miss Duvessa.
Duvessa is lightly wounded.
Duvessa barely misses you.
You scratch Duvessa. You bite Duvessa.
Duvessa is moderately wounded.
Duvessa hits you with a +0 short sword!
You barely miss Duvessa. Your claw misses Duvessa.
Duvessa is moderately wounded.
Duvessa hits you with a +0 short sword!
* * * LOW HITPOINT WARNING * * *
Unknown command.
Okay, then.
Unknown command.
Okay, then.
Duvessa misses you. Duvessa attacks as she pursues you!
Duvessa hits you with a +0 short sword.
You die...
Your shape twists and changes as you die.
You rejoin the land of the living...
Items here: $ ( )) [.
Items here: $ )) [.
Duvessa rages.
Duvessa rages.
Duvessa rages.
Duvessa rages.
Duvessa rages.
Duvessa rages.
Things that are here:
7 gold pieces; a +0 robe; a +0 dagger of venom Duvessa rages. x2
Items here: $ ( )).
You feel yourself speed up. Duvessa hits you with a +0 short sword!
You claw Duvessa!
Duvessa is heavily wounded.
Duvessa hits you with a +0 short sword!
You claw Duvessa!
Duvessa is severely wounded.
Duvessa hits you with a +0 short sword.
You scratch Duvessa.
Duvessa is severely wounded.
You claw Duvessa! You bite Duvessa.
You kill Duvessa!
Your Fighting skill increases to level 6!
Things that are here:
10 gold pieces; a +0 short sword; a +0 leather armour of willpower Your extra speed is starting to run out.
You feel yourself slow down.
HP restored.
Things that are here:
7 gold pieces; a +0 robe; a +0 dagger of venom
There is a stone staircase leading up here.
The orc shouts!
There is a stone staircase leading down here.
Done exploring.
Autopickup is now on.
There is a stone staircase leading up here.
You now have 397 gold pieces (gained 8).
You now have enough gold to petition Gozag for potion effects.
You now have 406 gold pieces (gained 9).
You now have 416 gold pieces (gained 10).
You now have 423 gold pieces (gained 7).
You see here a +0 flail.
You now have 429 gold pieces (gained 6).
You see here a +0 flail.
You now have 450 gold pieces (gained 21).
Things that are here:
a +0 robe; a +0 dagger; a +0 war axe You now have 459 gold pieces (gained 9).
Items here: ( )) [.
Things that are here:
a +0 robe; a +0 dagger; a +0 war axe You now have 465 gold pieces (gained 6).
Things that are here:
a +0 scale mail; a +0 flail You see here 6 atropa-tipped darts.
You now have 481 gold pieces (gained 16).
You see here a +0 giant club.
You see here 6 atropa-tipped darts.
Things that are here:
a +0 scale mail; a +0 flail You see here a +0 flail.
You now have 488 gold pieces (gained 7).
Things that are here:
a +0 robe; a +0 dagger of venom You now have 498 gold pieces (gained 10).
Things that are here:
a +0 short sword; a +0 leather armour of willpower You now have 526 gold pieces (gained 28).
Things that are here:
a +0 club; 2 boomerangs; a +0 flail You now have 530 gold pieces (gained 4).
Things that are here:
a +0 ring mail; a +0 club You now have 536 gold pieces (gained 6).
You see here a +0 trident.
You now have 572 gold pieces (gained 36).
Items here: ))))) [.
You now have 579 gold pieces (gained 7).
You see here a +0 hand axe.
You now have 584 gold pieces (gained 5).
You see here a +0 trident.
You now have 591 gold pieces (gained 7).
Things that are here:
a +0 scale mail; a +0 falchion You now have 597 gold pieces (gained 6).
You see here a +0 hand axe.
B - a scroll of identify
As you read the scroll of identify, it crumbles to dust.
l - a scroll of blinking
Things that are here:
a +0 scale mail; a +0 falchion You see here a +0 hand axe.
Items here: ))))) [.
You now have 601 gold pieces (gained 4).
Things that are here:
a +0 chain mail; a +0 hand axe You see here a +0 trident.
You now have 606 gold pieces (gained 5).
You see here a +0 short sword.
You now have 628 gold pieces (gained 22).
Items here: ( )))).
You now have 644 gold pieces (gained 16).
Items here: ))) [[.
You now have 649 gold pieces (gained 5).
There is a stone staircase leading up here.
Things that are here:
a +0 leather armour; a +0 hand axe You now have 655 gold pieces (gained 6).
Things that are here:
a +1 robe of cold resistance; a +1 dagger of freezing The orc shouts!
You now have 671 gold pieces (gained 16).
There is a stone staircase leading up here.
Things that are here:
a +0 leather armour; a +0 hand axe You see here a +0 hand axe.
f - 3 scrolls labelled BIPRYTZ ECWUAT (gained 1)
You see here a +0 hand axe.
There is a stone staircase leading up here.
Things that are here:
a +0 leather armour; a +0 hand axe You now have 676 gold pieces (gained 5).
Done exploring.
Done exploring.
Search for what [? for help]? d: Unknown command.
Press: ? - help, v - describe, . - travel
Here: cforsyth's ghost, wielding a weapon of venom (fire blocked by a translucent stone wall)
The floor.
There is a stone staircase leading down here.
Level annotation: 3 runed translucent doors, cforsyth's ghost, novice GnAr Welcome back, scionoferis the Felid Shapeshifter.
Gozag says: Greed is good.
Press ? for a list of commands and other information.
You climb downwards.
Found 6 poisoned darts and a scroll labelled TELLOE ATEPLUO.
Found a stone staircase leading down.
There is a stone staircase leading up here. 2 killer bees come into view.
You see here 6 poisoned darts. 2 kobolds come into view.
A kobold is wielding a +0 club and quivering poisoned darts.
A kobold is wielding a +0 dagger and quivering poisoned darts.
The kobold shouts!
You hear a shout! x2; The kobold shouts!
You hear a shout! x3
You hear an angry buzzing noise.
A kobold comes into view. It is wielding a +0 dagger.
The kobold throws a poisoned dart.
The poisoned dart closely misses you.
The kobold throws a poisoned dart.
The poisoned dart misses you.
A kobold comes into view. It is wielding a +0 club.
A kobold comes into view. It is wielding a +0 dagger.
Found a war axe.
The kobold shouts!
You hear a shout!
You hear an angry buzzing noise.
The kobold completely misses you.
You hear an angry buzzing noise.
You scratch the kobold but do no damage.
The kobold closely misses you.
You scratch the kobold.
You kill the kobold!
The kobold barely misses you.
A kobold comes into view. It is wielding a +0 club.
The kobold is distracted by your dazzling golden aura.
The kobold shouts!
You claw the kobold!
You kill the kobold!
You hear a shout!
You hear an angry buzzing noise.
The kobold closely misses you.
A kobold comes into view. It is wielding a +0 whip.
A kobold brigand comes into view.
It is wielding a +0 club and quivering poisoned darts.
A kobold comes into view. It is wielding a +0 whip.
The kobold shouts!
You scratch the kobold.
You kill the kobold!
You hear a shout!
You hear an angry buzzing noise.
A kobold brigand comes into view.
It is wielding a +0 whip and quivering curare-tipped darts.
You hear a shout!
Your Dodging skill increases to level 5!
You closely miss the kobold. The kobold hits you with a +0 club.
You closely miss the kobold.
A kobold comes into view. It is wielding a +0 club.
The kobold hits you but does no damage.
You scratch the kobold.
You kill the kobold!
The kobold is distracted by your dazzling golden aura. x3
The kobold shouts! x2
You claw the kobold!
You kill the kobold!
You hear an angry buzzing noise. x2
The kobold is no longer distracted by gold.
You barely miss the kobold brigand. Your claw misses the kobold brigand.
You bite the kobold brigand.
The kobold brigand is lightly wounded.
The kobold brigand closely misses you.
You claw the kobold brigand!
The kobold brigand is heavily wounded.
You closely miss the kobold brigand.
The kobold brigand is heavily wounded.
The kobold is no longer distracted by gold.
A kobold comes into view. It is wielding a +0 dagger.
The kobold brigand barely misses you.
You claw the kobold brigand!
The kobold brigand is almost dead.
The kobold is no longer distracted by gold.
The kobold is distracted by your dazzling golden aura.
The kobold brigand hits you with a +0 whip.
The kobold shouts!
You claw the kobold brigand!
You kill the kobold brigand!
You hear an angry buzzing noise. x2
The kobold is distracted by your dazzling golden aura.
The kobold shouts!
You hear an angry buzzing noise.
A kobold comes into view. It is wielding a +0 whip.
The kobold is distracted by your dazzling golden aura.
You hear an angry buzzing noise.
The kobold shouts!
Items here: $ ( ))).
You claw the kobold!
You kill the kobold!
The kobold brigand is distracted by your dazzling golden aura.
The kobold is distracted by your dazzling golden aura.
The kobold is no longer distracted by gold.
The kobold is distracted by your dazzling golden aura.
Autopickup is now off.
The kobold is no longer distracted by gold. x2
Items here: $ ( ))).
The kobold shouts!
You claw the kobold!
You kill the kobold!
You hear an angry buzzing noise.
You hear a shout!
The kobold brigand is no longer distracted by gold.
The kobold is distracted by your dazzling golden aura.
The kobold shouts!
You claw the kobold brigand!
The kobold brigand is heavily wounded.
The kobold brigand is distracted by your dazzling golden aura.
The kobold brigand shouts!
You scratch the kobold brigand.
The kobold brigand is no longer distracted by gold.
The kobold brigand is heavily wounded.
The kobold is no longer distracted by gold.
You claw the kobold brigand!
The kobold brigand is almost dead.
A killer bee comes into view.
The killer bee is distracted by your dazzling golden aura.
The kobold brigand hits you with a +0 club.
You barely miss the kobold brigand.
The kobold brigand is almost dead.
The killer bee is no longer distracted by gold.
The kobold is no longer distracted by gold.
The killer bee is distracted by your dazzling golden aura.
The kobold brigand is distracted by your dazzling golden aura.
The kobold is distracted by your dazzling golden aura.
A killer bee comes into view.
The killer bee is distracted by your dazzling golden aura.
The killer bee buzzes angrily. x3; The kobold brigand shouts!
The kobold shouts!
You claw the kobold brigand!
You kill the kobold brigand!
The killer bee is no longer distracted by gold.
The kobold is distracted by your dazzling golden aura.
The kobold shouts!
You claw the kobold!
You kill the kobold!
The kobold is no longer distracted by gold. x2
The killer bee is distracted by your dazzling golden aura. x2
The killer bee buzzes angrily. x2
You claw the kobold!
You kill the kobold!
You hear an angry buzzing noise.
You hear a loud, deep croak!
A killer bee comes into view.
The killer bee is distracted by your dazzling golden aura.
The kobold is distracted by your dazzling golden aura.
The killer bee is distracted by your dazzling golden aura.
The killer bee buzzes angrily.
The kobold shouts!
The killer bee buzzes angrily.
The killer bee is no longer distracted by gold. x2
The kobold is no longer distracted by gold.
The killer bee is distracted by your dazzling golden aura.
The kobold is distracted by your dazzling golden aura.
The killer bee is distracted by your dazzling golden aura.
The killer bee is no longer distracted by gold. x2
The killer bee buzzes angrily.
The kobold shouts!
You scratch the kobold.
You kill the kobold!
The killer bee is no longer distracted by gold.
An orc comes into view. It is wielding a +0 hand axe.
The killer bee is no longer distracted by gold.
The killer bee is distracted by your dazzling golden aura.
The kobold is no longer distracted by gold.
The killer bee is distracted by your dazzling golden aura.
The kobold throws a stone.
The stone completely misses you.
The killer bee is no longer distracted by gold.
The killer bee is distracted by your dazzling golden aura. x3
Items here: $ ( )))).
The killer bee buzzes angrily. x4
You scratch the kobold.
You kill the kobold!
The killer bee is no longer distracted by gold.
The killer bee is no longer distracted by gold. x2
The killer bee is distracted by your dazzling golden aura. x2
The killer bee is no longer distracted by gold. x2
A bullfrog comes into view.
The killer bee is distracted by your dazzling golden aura. x2
The orc is distracted by your dazzling golden aura.
Items here: $ ( )))).
The killer bee is distracted by your dazzling golden aura.
The bullfrog is distracted by your dazzling golden aura.
The killer bee is no longer distracted by gold. x3
The killer bee is distracted by your dazzling golden aura. x2
Items here: $ ( )))).
The killer bee is no longer distracted by gold.
The killer bee is distracted by your dazzling golden aura. x2
The orc shouts!
The killer bee buzzes angrily. x4
You claw the killer bee!
The killer bee is no longer distracted by gold.
The killer bee is almost dead.
You hear a bark!
The killer bee is no longer distracted by gold. x2
The bullfrog is no longer distracted by gold.
The killer bee misses you. The killer bee barely misses you.
You miss the killer bee.
The killer bee is almost dead.
The orc is no longer distracted by gold.
The killer bee is distracted by your dazzling golden aura.
The killer bee stings you.
You are poisoned.
The killer bee poisons you!
The bullfrog is distracted by your dazzling golden aura.
You miss the killer bee.
The killer bee is almost dead.
You feel very sick.
The killer bee buzzes angrily.
The killer bee is distracted by your dazzling golden aura.
The bullfrog gives a loud, deep croak!
You closely miss the killer bee.
The killer bee is no longer distracted by gold.
Your bite misses the killer bee.
The killer bee is almost dead.
You feel sick.
The killer bee is no longer distracted by gold. x2
The killer bee stings you. The killer bee barely misses you.
You scratch the killer bee.
You kill the killer bee!
You feel sick.
The killer bee is distracted by your dazzling golden aura.
The killer bee barely misses you.
The killer bee buzzes angrily.
You scratch the killer bee. Your bite misses the killer bee.
The killer bee is moderately wounded.
You feel sick. The killer bee completely misses you.
You scratch the killer bee.
The killer bee is heavily wounded.
You feel sick. The killer bee misses you.
A hound comes into view.
The killer bee misses you.
You closely miss the killer bee.
The killer bee is heavily wounded.
You feel sick.
The killer bee is no longer distracted by gold.
The bullfrog is no longer distracted by gold.
The killer bee closely misses you. The killer bee stings you!
It was a potion of curing.
You feel better.
The killer bee is no longer distracted by gold.
The killer bee misses you. The killer bee closely misses you.
You scratch the killer bee but do no damage.
The killer bee is heavily wounded.
The bullfrog is distracted by your dazzling golden aura.
The killer bee barely misses you. The killer bee completely misses you.
You closely miss the killer bee.
The killer bee is heavily wounded.
The killer bee closely misses you.
You miss the killer bee.
The killer bee is heavily wounded.
The bullfrog is no longer distracted by gold.
The killer bee barely misses you. The killer bee completely misses you.
You claw the killer bee!
You kill the killer bee!
The killer bee barely misses you.
You claw the killer bee!
The killer bee is heavily wounded.
The killer bee stings you.
You claw the killer bee!
You bite the killer bee, but do no damage.
The killer bee is almost dead.
The killer bee misses you. The killer bee stings you.
The hound is distracted by your dazzling golden aura.
The hound barks!
You scratch the killer bee.
You kill the killer bee!
The killer bee stings you.
* * * LOW HITPOINT WARNING * * *
You scratch the killer bee but do no damage.
The killer bee misses you.
You claw the killer bee!
You kill the killer bee!
The killer bee closely misses you.
The killer bee attacks as it pursues you!
The killer bee closely misses you. The killer bee stings you.
* * * LOW HITPOINT WARNING * * *
You barely miss the killer bee. The killer bee barely misses you.
You barely miss the killer bee.
The hound is no longer distracted by gold.
The killer bee completely misses you.
The killer bee is distracted by your dazzling golden aura.
You barely miss the killer bee.
The killer bee is no longer distracted by gold.
The killer bee buzzes angrily.
Your bite misses the killer bee. The killer bee stings you.
* * * LOW HITPOINT WARNING * * *
You are poisoned.
The killer bee poisons you!
A goblin zombie comes into view.
The killer bee closely misses you.
The bullfrog is distracted by your dazzling golden aura.
You feel better. The killer bee stings you!
* * * LOW HITPOINT WARNING * * *
You are lethally poisoned!
The killer bee poisons you!
The orc is distracted by your dazzling golden aura.
The killer bee barely misses you.
The bullfrog croaks.
The orc shouts!
You scratch the killer bee. You bite the killer bee.
The killer bee is heavily wounded.
* * * LOW HITPOINT WARNING * * *
You feel sick. The killer bee barely misses you.
You closely miss the killer bee. Your bite misses the killer bee.
The killer bee is heavily wounded.
* * * LOW HITPOINT WARNING * * *
You feel sick.
The bullfrog is no longer distracted by gold.
The killer bee stings you but does no damage.
The killer bee closely misses you.
You barely miss the killer bee.
The killer bee is heavily wounded.
* * * LOW HITPOINT WARNING * * *
You feel sick.
The orc is no longer distracted by gold.
The killer bee completely misses you. The killer bee misses you.
You scratch the killer bee.
The killer bee is almost dead.
* * * LOW HITPOINT WARNING * * *
You feel sick. The killer bee misses you.
The bullfrog is distracted by your dazzling golden aura.
The bullfrog gives a loud, deep croak!
You claw the killer bee!
You kill the killer bee!
* * * LOW HITPOINT WARNING * * *
You feel sick.
You die...
Your body crumbles into a pile of gold.

Skill      XL: |  1  2  3  4  5  6  7  8  9 |
---------------+----------------------------+-----
Stealth        | 1 2 3 4 5 |  5.0
Fighting       | 2 3 4 5 6 |  6.2
Shapeshifting  | 4 5 6 7 8 |  8.2
Unarmed Combat | 4 5 6 7 |  7.7
Dodging        | 4 5 |  5.4

Action                     |  1- 3 |  4- 6 |  7- 9 || total
---------------------------+-------+-------+-------++-------
  Melee: Unarmed           |    81 |   187 |   228 ||   496
         Bite              |     3 |    18 |    23 ||    44
         Punch             |       |     7 |     7 ||    14
  Evoke: Wand              |       |       |    10 ||    10
    Use: Potion            |       |       |     5 ||     5
         Scroll            |       |       |     5 ||     5
   Stab: Sleeping          |     9 |    10 |    13 ||    32
         Distracted        |       |     1 |     1 ||     2
 Armour: Skin              |    19 |    41 |    75 ||   135
  Dodge: Dodged            |    38 |   101 |   160 ||   299

Levels and vault maps discovered:
D:1:      minmay_arrival_open_corners, layout_basic
D:2:      layout_basic, shapermc_ecumenical_altar_starsandcircs
D:3:      layout_basic, lightli_temple_of_fire,
          mainiacjoe_overflow_cross_hatched, serial_shops, shop, uniq_terence
D:4:      layout_rooms, old_standard_altar, mainiacjoe_overflow_alcove_4
D:5:      layout_basic, lemuel_round_altar, lemuel_temple_firewalk_b,
          portal_sewer_entry_f, wad_floor_pattern_untrapped,
          minmay_splitting_lines
D:6:      layout_loops_ring, led_sif_book, mainiacjoe_overflow_alcove_2,
          uniq_prince_ribbit1
D:7:      layout_rooms, kennysheep_mini, nicolae_overflow_crystal_walls,
          gammafunk_ghost_split, uniq_duvessa
D:8:      layout_rooms, evilmike_ruin_ashenzari, mainiacjoe_overflow_alcove_1,
          lemuel_round_altar, dk_yredelemnul_ordeal, erik_lair_island,
          nicolae_take_the_stairs, uniq_gastronok
Temple:   hellmonk_temple_beads

Notes
Turn   | Place    | Note
-------+----------+-------------------------------------------
     0 | D:1      | scionoferis the Felid Shapeshifter began the quest for the
                  | Orb.
     0 | D:1      | Reached XP level 1. HP: 9/9 MP: 2/2
   101 | D:1      | Reached skill level 1 in Stealth
   279 | D:1      | Reached XP level 2. HP: 11/12 MP: 3/3
   507 | D:1      | Reached skill level 2 in Stealth
  1017 | D:2      | Reached XP level 3. HP: 15/15 MP: 4/4
  1091 | D:2      | Found a faded altar of an unknown god.
  1640 | D:3      | Reached skill level 3 in Stealth
  2007 | D:3      | Found Ezuo's Weapon Shop.
  2093 | D:3      | Reached XP level 4. HP: 19/19 MP: 5/5
  2141 | D:3      | Found a white marble altar of Elyvilon.
  2171 | D:3      | Noticed Terence
  2689 | D:3      | Reached skill level 2 in Fighting
  2689 | D:3      | Reached skill level 4 in Stealth
  2932 | D:3      | Found a burning altar of Makhleb.
  3012 | D:4      | Noticed a scorpion
  3067 | D:4      | Reached skill level 4 in Shapeshifting
  3093 | D:4      | Noticed a black bear
  3128 | D:4      | Found a radiant altar of Vehumet.
  3138 | D:4      | Killed a black bear
  3139 | D:4      | Reached XP level 5. HP: 18/23 MP: 6/6
  3142 | D:4      | Reached skill level 5 in Stealth
  3250 | D:4      | Reached skill level 4 in Unarmed Combat
  3250 | D:4      | Gained mutation: You are covered in thick fur. (AC +2)
                  | [Felid growth]
  3250 | D:4      | Reached XP level 6. HP: 11/27 MP: 7/7
  3604 | D:4      | Reached skill level 3 in Fighting
  3713 | D:4      | Found an ancient bone altar of Kikubaaqudgha.
  3808 | D:5      | Entered Level 5 of the Dungeon
  3831 | D:5      | Found a glowing drain.
  3872 | Sewer    | Entered a sewer
  4032 | Sewer    | Reached skill level 5 in Shapeshifting
  4195 | Sewer    | Reached XP level 7. HP: 13/31 MP: 8/8
  4846 | D:5      | Found a staircase to the Ecumenical Temple.
  4855 | Temple   | Entered the Ecumenical Temple
  4892 | Temple   | Became a worshipper of Gozag Ym Sagoz the Greedy
  4952 | D:5      | Found a sparkling altar of Nemelex Xobeh.
  5199 | D:5      | HP: 1/31 [black bear (6)]
  5199 | D:5      | Slain by a black bear
  5202 | D:5      | Reached skill level 4 in Fighting
  5202 | D:5      | Reached skill level 5 in Unarmed Combat
  5202 | D:5      | Reached skill level 6 in Shapeshifting
  5491 | D:5      | HP: 3/33 [poisoned by a water moccasin]
  5495 | D:5      | HP: 1/33 [poisoned by a water moccasin]
  5498 | D:5      | Succumbed to a water moccasin's poison
  6008 | D:3      | Killed Terence
  6263 | D:6      | Reached XP level 8. HP: 36/36 MP: 9/9
  6305 | D:6      | Found a stormy altar of Qazlal.
  6349 | D:6      | Noticed Prince Ribbit
  6571 | D:6      | Reached skill level 7 in Shapeshifting
  6592 | D:6      | Reached skill level 5 in Fighting
  6834 | D:6      | Found a shimmering blue altar of Sif Muna.
  6981 | D:6      | Learned a level 1 spell: Apportation
  6985 | D:7      | Identified a scroll of acquirement
  7095 | D:7      | Noticed a manticore
  7103 | D:7      | Noticed a two-headed ogre
  7122 | D:7      | Reached skill level 3 in Dodging
  7160 | D:7      | Reached skill level 6 in Unarmed Combat
  7188 | D:7      | Killed a two-headed ogre
  7189 | D:7      | Reached skill level 4 in Dodging
  7189 | D:7      | Reached XP level 9. HP: 16/41 MP: 10/10
  7337 | D:7      | Found a runed translucent gate.
  7337 | D:7      | Found a runed translucent gate.
  7337 | D:7      | Found a runed translucent gate.
  7338 | D:7      | Noticed cforsyth's ghost (novice GnAr)
  7346 | D:7      | Noticed Dowan
  7457 | D:7      | Reached skill level 7 in Unarmed Combat
  7480 | D:7      | Found an iron altar of Okawaru.
  7584 | D:7      | Reached skill level 8 in Shapeshifting
  7699 | D:7      | Found a shadowy altar of Dithmenos.
  7792 | D:7      | Killed Dowan
  7857 | D:7      | Noticed Duvessa
  7942 | D:7      | HP: 2/41 [Duvessa/+0 short sword (15)]
  7944 | D:7      | Slain by Duvessa
  7980 | D:7      | Killed Duvessa
  7981 | D:7      | Reached skill level 6 in Fighting
  8390 | D:8      | Reached skill level 5 in Dodging
  8454 | D:8      | HP: 4/41 [poisoned by a killer bee]
  8457 | D:8      | HP: 1/41 [poisoned by a killer bee]
  8460 | D:8      | Succumbed to a killer bee's poison

Vanquished Creatures
  A two-headed ogre (D:7)
  Duvessa (D:7)
  A water moccasin (D:5)
  2 black bears (D:4 D:5)
  3 ogres (D:5 D:6 D:7)
  A bullfrog (D:7)
  4 kobold brigands (Sewer D:7 D:8)
  A scorpion (D:4)
  5 wights (D:6)
  Dowan (D:7)
  5 killer bees (D:8)
  5 hounds (D:4 D:5 D:7)
  4 orc priests (D:3 D:6 D:7)
  2 jellies (D:5)
  3 iguanas (D:4 D:6 D:7)
  Terence (D:3)
  2 orc wizards (D:6 D:7)
  9 adders (D:2 D:3 Sewer D:5)
  6 river rats (Sewer)
  A shadow imp (D:5)
  A white imp (D:5)
  An ufetubus (D:6)
  3 worms (D:3 D:4)
  2 dart slugs (D:1 D:3)
  20 orcs (D:3 D:5 D:6 D:7)
  7 bats (D:1 D:2)
  7 endoplasms (D:2 D:3 D:4)
  4 giant cockroaches (D:1 D:3 D:5)
  5 goblins (D:1 D:3 D:4)
  8 hobgoblins (D:1 D:2 D:3 D:4)
  5 jackals (D:3 Sewer)
  21 kobolds (D:1 D:2 D:3 D:4 Sewer)
  7 quokkas (D:1 D:2 D:4 D:5)
  10 ball pythons (D:1 D:2 D:3 Sewer)
  4 frilled lizards (D:2 D:3 Sewer)
  4 rats (D:2 D:3 Sewer)
167 creatures vanquished.

Vanquished Creatures (collateral kills)
  An orc warrior (D:7)
  2 orc priests (D:7)
  An orc wizard (D:7)
  4 orcs (D:7)
8 creatures vanquished.

Grand Total: 175 creatures vanquished

Table legend: (Time is in decaauts)
 A = Elapsed time spent in this place.
 B = Non-inter-level travel time spent in this place.
 C = Inter-level travel time spent in this place.
 D = Time resting spent in this place.
 E = Time spent auto-exploring this place.
 F = Levels seen in this place.
 G = Mean time per level.
                   A        B        C        D        E       F      G
               +--------+--------+--------+--------+--------+-----+--------+
         Total |   7353 |   6736 |    617 |   1236 |   3349 |  10 |  735.3 |
       Dungeon |   6440 |   5880 |    560 |   1033 |   3164 |   8 |  805.0 |
        Temple |     60 |      3 |     57 |      0 |      0 |   1 |   60.0 |
         Sewer |    853 |    853 |      0 |    203 |    184 |   1 |  853.0 |
               +--------+--------+--------+--------+--------+-----+--------+

Top non-repeatable levels by time:
     D:3: 1346 daAuts
     D:5: 941 daAuts
     D:6: 940 daAuts
     D:7: 901 daAuts
     D:4: 880 daAuts
   Sewer: 853 daAuts
     D:1: 749 daAuts
     D:2: 604 daAuts
     D:8: 77 daAuts
  Temple: 60 daAuts

Table legend:
 A = Non-vault XP
 B = Vault XP
 C = Vault XP percentage of total XP
 D = Non-vault monster count
 E = Vault monster count
 F = Vault count percentage of total count
                 A         B        C        D         E       F
            +---------+---------+-------+---------+---------+-------
      Total |    3607 |     495 |  12.1 |     146 |      29 |  16.6
            +---------+---------+-------+---------+---------+-------
        D:1 |      31 |       0 |   0.0 |      17 |       0 |   0.0
        D:2 |      32 |       0 |   0.0 |      13 |       0 |   0.0
        D:3 |     120 |      36 |  23.1 |      26 |       1 |   3.7
        D:4 |     340 |       0 |   0.0 |      14 |       0 |   0.0
        D:5 |     556 |      10 |   1.8 |      11 |       5 |  31.2
        D:6 |     631 |       0 |   0.0 |      12 |       0 |   0.0
        D:7 |    1387 |     208 |  13.0 |      35 |       2 |   5.4
        D:8 |     510 |       0 |   0.0 |      18 |       0 |   0.0
      Sewer |       0 |     241 | 100.0 |       0 |      21 | 100.0
            +---------+---------+-------+---------+---------+-------
